Cogmind - Beta 9.4 @@@ ROGUE MODE // 2020.03.25 @ 01:22:57 // Winter2019/RPGLIKE Player: IAMCRAIG Result: Core destroyed Performance ------------- Evolutions (5) 2500 Regions Visited (25) 5000 Robots Destroyed (907) 4535 Value Destroyed (34743) 34743 Prototype IDs (80) 1600 Alien Tech Used (0) 0 Bonus (23278) 23278 TOTAL SCORE: 71656 Bonus ------- Triggered High Security 1000 High Alert Combat Kills 17950 Follower Combat Kills 3384 Network Hubs Disabled 800 Aligned with FarCom 300 Met Data Miner 300 Met Imprinter 300 Built Enhanced Grunts 300 A7 Reached Mainframe 300 Met R17 at Cetus 500 Friendly Fire -1856 Cogmind --------- Core Integrity 0/1000 Matter 220/300 Energy 274/350 System Corruption 2% Temperature Cool (654) Movement Treading (160) Location -5/Hub_04(d) Parts ------- > --- POWER (2) -------- Quantum Reactor Quantum Reactor > --- PROPULSION (6) --- Centrium Heavy Treads Centrium Heavy Treads Centrium Heavy Treads > --- UTILITY (10) ----- Cryofiber Web Advanced Cooling System Experimental Signal Interpreter Experimental Targeting Computer Improved Core Analyzer Improved Weapon Cycler Centrium Medium Armor Plating Damper Plating > --- WEAPON (6) ------- Advanced Variable Charge Gun EMDS Heavy Plasma Cannon Firepult > --- INVENTORY (5) ---- Advanced Power Amplifier Improved Energy Well (600) Makeshift Sensor Array Improved Weapon Shielding Bore Cannon Peak State ------------ > --- POWER ------------ Quantum Reactor Quantum Reactor > --- PROPULSION ------- Centrium Heavy Treads Centrium Heavy Treads Centrium Heavy Treads > --- UTILITY ---------- Advanced Cooling System Improved Matter Compressor Experimental Signal Interpreter Experimental Targeting Computer Improved Core Analyzer Improved Weapon Cycler Centrium Medium Armor Plating Damper Plating > --- WEAPON ----------- Advanced Variable Charge Gun EMDS Heavy Plasma Cannon Firepult > --- INVENTORY -------- Advanced Power Amplifier Improved Energy Well Makeshift Sensor Array Improved Weapon Shielding Bore Cannon [Rating: 191] Favorites ----------- Power Light Angular Momentum Engine Engine Light Angular Momentum Engine Power Core Fission Core Reactor Light Antimatter Reactor Propulsion Advanced Treads Treads Advanced Treads Leg Aluminum Leg Wheel Armored Wheel Utility Advanced Targeting Computer Device Cryofiber Web Storage High-capacity Matter Pod Processor Advanced Targeting Computer Hackware Hacking Suite Protection Medium Reactive Plating Weapon Advanced Beam Cannon Energy Gun Advanced Variable Charge Gun Energy Cannon Advanced Beam Cannon Ballistic Gun Assault Rifle Ballistic Cannon Bore Cannon Launcher Grenade Launcher Special Weapon Plasma Cutter Impact Weapon Heavy Flail Slashing Weapon Mining Claw Special Melee Weapon Datajack Build | -11 -10 -10 -9 -9 -9 -8 -8 -8 -7 -7 -7 -7 -6 -6 -6 -6 -6 -5 -5 -5 -5 -5 -5 -5 -5 ------- Run | Scr Mat Min Mat Min Exi Min Mat Sto Fac Low Low Zio Pro Fac Low Low Dat Pro Fac Was Fac Ext Cet Arc Hub Slots Evolved 20 | 3 2 2 5 . . 1 1 1 2 . . . . 1 . . 1 . . . 1 . . . . Power 1 | . . . 1 . . . . . . . . . . . . . . . . . . . . . . Propulsion 5 | 1 . 1 . . . 1 . . 1 . . . . . . . 1 . . . . . . . . Utility 9 | 1 1 1 2 . . . 1 1 1 . . . . . . . . . . . 1 . . . . Weapon 5 | 1 1 . 2 . . . . . . . . . . 1 . . . . . . . . . . . Parts Attached 323 | 13 30 5 25 12 5 8 20 27 29 2 5 7 4 52 . 2 1 14 11 5 2 11 13 3 17 Power 26 | 1 3 . 2 1 . . 1 . 5 . . 1 . 4 . . . 1 . . . 1 2 . 4 Engine 11 | 1 2 . 2 1 . . 1 . 4 . . . . . . . . . . . . . . . . Core 6 | . 1 . . . . . . . 1 . . 1 . 3 . . . . . . . . . . . Reactor 9 | . . . . . . . . . . . . . . 1 . . . 1 . . . 1 2 . 4 Propulsion 63 | 5 9 2 6 . 4 4 2 8 6 . 2 . . 5 . . 1 3 2 1 . . 3 . . Treads 41 | 3 3 . 4 . 1 1 2 8 6 . 2 . . 4 . . 1 1 1 1 . . 3 . . Leg 9 | 1 . 1 . . 2 2 . . . . . . . . . . . 2 1 . . . . . . Wheel 13 | 1 6 1 2 . 1 1 . . . . . . . 1 . . . . . . . . . . . Hover . | . . . . . . . . . . . . . . . . . . . . . . . . . . Flight . | . . . . . . . . . . . . . . . . . . . . . . . . . . Utility 141 | 4 7 2 10 10 . 2 12 6 11 2 1 4 2 26 . 2 . 5 8 1 1 7 4 3 11 Device 79 | 1 3 1 2 4 . 1 7 3 6 . 1 4 1 19 . 1 . 3 7 . 1 5 1 1 7 Storage 11 | 1 . 1 . 3 . . . . . . . . 1 2 . . . 2 . . . . . . 1 Processor 21 | 2 2 . 4 . . . 1 . 4 1 . . . 2 . . . . 1 . . 2 . . 2 Hackware 3 | . . . 1 . . . . . . . . . . . . . . . . . . . . 2 . Protection 27 | . 2 . 3 3 . 1 4 3 1 1 . . . 3 . 1 . . . 1 . . 3 . 1 Artifact . | . . . . . . . . . . . . . . . . . . . . . . . . . . Weapon 93 | 3 11 1 7 1 1 2 5 13 7 . 2 2 2 17 . . . 5 1 3 1 3 4 . 2 Energy Gun 20 | . 6 . 1 . . . 3 . 1 . . . 1 1 . . . . 1 1 1 1 2 . 1 Energy Cannon 45 | . 3 . 4 . 1 1 2 8 4 . 1 1 1 11 . . . 5 . 2 . . . . 1 Ballistic Gun 9 | 3 . . . . . 1 . . 2 . . . . 2 . . . . . . . . 1 . . Ballistic Cannon 6 | . . . . . . . . 1 . . . . . 3 . . . . . . . 1 1 . . Launcher 6 | . . 1 2 1 . . . 2 . . . . . . . . . . . . . . . . . Special Weapon 1 | . . . . . . . . 1 . . . . . . . . . . . . . . . . . Impact Weapon 2 | . . . . . . . . 1 . . . 1 . . . . . . . . . . . . . Slashing Weapon 3 | . 1 . . . . . . . . . 1 . . . . . . . . . . 1 . . . Piercing Weapon . | . . . . . . . . . . . . . . . . . . . . . . . . . . Special Melee Weapon 1 | . 1 . . . . . . . . . . . . . . . . . . . . . . . . Unidentified Prototypes 34 | . . . 3 . . . 2 3 2 . . 1 . 6 . . . 2 3 1 1 1 4 . 5 Parts Lost 5 | . 1 . . . . . 1 1 2 . . . . . . . . . . . . . . . . Power 1 | . 1 . . . . . . . . . . . . . . . . . . . . . . . . Propulsion . | . . . . . . . . . . . . . . . . . . . . . . . . . . Utility 3 | . . . . . . . 1 1 1 . . . . . . . . . . . . . . . . Weapon 1 | . . . . . . . . . 1 . . . . . . . . . . . . . . . . Highest Loss Streak 1 | . 1 . . . . . 1 1 1 . . . . . . . . . . . . . . . . Average Slot Usage (%) 92 | . 97 98 99 99 95 93 93 92 94 95 93 95 94 94 95 95 95 94 95 85 82 82 79 75 74 Engine 5 | . 10 9 11 12 12 11 11 10 9 9 9 4 4 2 . . . . . . . . . . . Core 1 | . . . . . . . . . . . . 3 4 4 4 4 4 3 . . . . . . . Reactor 2 | . . . . . . . . . . . . . . 1 4 4 4 4 8 8 8 7 8 8 7 Treads 19 | . 12 9 12 12 11 16 21 21 24 23 23 23 23 22 22 22 25 25 25 22 20 20 16 12 12 Wheel 1 | . 12 9 6 6 5 5 . . . . . . . . . . . . . . . . . . . Device 15 | . 6 7 6 5 6 5 13 15 16 15 15 19 18 22 22 22 21 20 21 15 15 16 14 10 11 Processor 14 | . 21 18 19 14 12 11 11 10 14 17 19 19 19 13 13 13 13 13 13 13 12 12 12 12 12 Protection 6 | . 1 9 6 9 12 10 10 12 8 8 6 4 4 3 4 4 4 4 4 4 4 4 5 8 4 Energy Gun 2 | . 14 . 1 . . . . . . . . . . . 4 4 4 4 4 4 4 6 7 8 7 Energy Cannon 17 | . 2 19 18 18 22 22 21 19 19 19 18 18 19 19 18 18 17 17 17 17 15 12 8 8 8 Launcher 1 | . . 9 8 12 4 . . . . . . . . . . . . . . . . . . . . Naked Turns . | . . . . . . . . . . . . . . . . . . . . . . . . . . Heaviest Build 152 | 11 23 25 40 62 79 79 83 84 83 84 85 85 83 107 102 102 102 108 105 129 135 139 145 145 152 Greatest Support 245 | 40 20 20 43 43 60 65 85 96 121 121 115 93 93 115 115 115 115 145 145 163 163 163 245 245 245 Greatest Overweight (x) 6 | . 2 2 3 5 6 6 6 1 . . . . . 1 . . . 1 . . . . . . . Average Overweight (x) . | . . 1 2 2 5 5 . . . . . . . . . . . . . . . . . . . Largest Inventory Capacity 5 | 1 1 2 2 2 2 4 4 4 4 4 4 4 4 4 4 4 4 4 4 4 4 4 4 4 5 Average Capacity 3 | 1 1 1 2 2 2 3 4 4 4 4 4 4 4 4 4 4 4 4 4 4 4 4 4 4 4 Most Carried 5 | 1 1 2 2 2 2 4 4 4 4 4 4 4 4 4 4 4 4 4 4 4 4 4 4 4 5 Average Carried 3 | . 1 1 1 1 1 3 3 3 3 3 3 3 4 3 4 3 3 3 4 3 3 3 3 3 4 Final Capacity 5 | 1 1 2 2 2 2 4 4 4 4 4 4 4 4 4 4 4 4 4 4 4 4 4 4 4 5 Final Carried 5 | 1 1 2 2 2 2 4 4 4 2 4 4 4 4 4 4 4 3 4 4 4 4 4 4 4 5 Class Distribution -------------------- 58% | Pyromaniac-Gunner 11% | Scavenger-Gunner 9% | Pyromaniac-Mutant 8% | Scavenger-Mutant 3% | Mutant Dominant Class ---------------- Mutant | -10/Materials Scavenger-Mutant | -10/Mines Scavenger-Gunner | -9/Materials Scavenger-Gunner | -9/Mines Pyromaniac-Gunner | -9/Exiles Pyromaniac-Gunner | -8/Mines Pyromaniac-Gunner | -8/Materials Pyromaniac-Gunner | -8/Storage Pyromaniac-Gunner | -7/Factory Pyromaniac-Gunner | -7/Lower Caves Pyromaniac-Gunner | -7/Lower Caves Pyromaniac-Gunner | -7/Zion Pyromaniac-Gunner | -6/Proximity Caves Pyromaniac-Gunner | -6/Factory Pyromaniac-Gunner | -6/Lower Caves Pyromaniac-Gunner | -6/Lower Caves Pyromaniac-Gunner | -6/Data Miner Pyromaniac-Gunner | -5/Proximity Caves Pyromaniac-Gunner | -5/Factory Pyromaniac-Skirmisher | -5/Waste Pyromaniac-Gunner | -5/Factory Pyromaniac-Gunner | -5/Extension Commander-Gunner | -5/Cetus Scavenger-Gunner | -5/Archives Scavenger-Gunner | -5/Hub_04(d) Resources | -11 -10 -10 -9 -9 -9 -8 -8 -8 -7 -7 -7 -7 -6 -6 -6 -6 -6 -5 -5 -5 -5 -5 -5 -5 -5 ----------- Run | Scr Mat Min Mat Min Exi Min Mat Sto Fac Low Low Zio Pro Fac Low Low Dat Pro Fac Was Fac Ext Cet Arc Hub Matter Collected 5248 | 450 598 268 343 114 50 80 225 411 307 70 202 79 40 546 . 20 . 150 109 51 58 185 202 44 646 Remotely . | . . . . . . . . . . . . . . . . . . . . . . . . . . Salvage Created 40262 | 203 644 252 1777 521 . 801 2597 1867 8403 703 639 99 528 5647 126 . . 801 849 2060 873 910 277 377 9308 Parts 1375 | 17 50 25 128 43 . 53 114 84 225 22 18 1 31 196 6 1 . 21 27 16 21 24 19 24 209 Haulers Intercepted 35 | . 2 . 6 . . . 5 6 2 . . . . 6 . . . . 1 . 4 . . . 3 Recyclers Shooed 22 | . 2 . 1 . . . 1 1 4 . . . . 5 . . . . . . 6 2 . . . Parts Field Recycled . | . . . . . . . . . . . . . . . . . . . . . . . . . . Retrieved Matter . | . . . . . . . . . . . . . . . . . . . . . . . . . . Parts Self-Destructed 92 | . . . . . . . . . . 21 14 1 31 . 3 1 . 21 . . . . . . . Prevented 6 | . . . . . . . . . . . . . . . . 4 . 2 . . . . . . . Kills | -11 -10 -10 -9 -9 -9 -8 -8 -8 -7 -7 -7 -7 -6 -6 -6 -6 -6 -5 -5 -5 -5 -5 -5 -5 -5 ------- Run | Scr Mat Min Mat Min Exi Min Mat Sto Fac Low Low Zio Pro Fac Low Low Dat Pro Fac Was Fac Ext Cet Arc Hub Combat Hostiles Destroyed 668 | . 12 13 34 14 . 27 50 31 152 16 14 . 24 72 4 1 . 22 14 6 4 16 10 2 130 Melee 4 | . . . . . . . . 1 . . . . . 2 . . . . . . . 1 . . . Guns 46 | . 12 . 4 . . . . . . . . . . 2 . 1 . 1 2 . . 1 4 . 19 Cannons 303 | . . 7 28 11 . 13 31 18 77 10 6 . 10 41 1 . . 5 5 1 4 4 2 2 27 AOE 167 | . . 6 2 3 . 12 12 9 39 3 5 . 11 14 2 . . 10 3 1 . 6 3 . 26 Classes Destroyed 24 | 3 6 . 2 2 . . 1 3 2 2 . . . 1 1 . . . . 1 . . . . . Worker 38 | 3 1 . 5 . . 1 9 . 7 . . . . 5 . . . . . . . . . . 7 Builder 26 | . . . 1 2 . 3 2 3 5 . . . . 1 . . . . 1 . 1 2 . . 5 Tunneler 10 | 2 . 1 . 1 . 2 . 1 . . . . . 1 . . . . . . 1 . . . 1 Hauler 35 | . 2 . 6 . . . 5 6 2 . . . . 6 . . . . 1 . 4 . . . 3 Recycler 37 | 1 1 1 3 . . 1 3 4 11 . . . . 7 . . . . 1 . 1 1 . . 2 Carrier 6 | . . . . . . . . . 3 . . . . . . . . . 1 . . . . . 2 Minesweeper 5 | . . . . . . . . . . 1 2 . . . . . . 2 . . . . . . . Mechanic 18 | . 1 . 1 1 . . 1 . 7 . . . . . . . . . 1 . . . . . 6 Operator 27 | . 2 . 6 . . . 2 1 1 . . . . 5 . . . . . . . 1 . 8 1 Drone 2 | . . . . . . . . 2 . . . . . . . . . . . . . . . . . Watcher 30 | . 3 . 5 . . . 5 1 3 . . . . 7 . . . . 2 . . 1 . . 3 Swarmer 147 | . 5 9 9 8 . 18 10 12 18 6 7 . 22 4 3 . . 7 5 . . . 4 . . Saboteur 6 | . . . . . . . . . . . . . . 1 . . . . . . . 1 . . 4 Grunt 284 | . 7 4 16 3 . 10 29 10 70 6 7 . . 43 . . . 11 . . 2 4 . . 62 Brawler 25 | . . . . . . . 2 1 11 1 . . . 4 . . . 1 . . . . . . 5 Duelist 17 | . . . . 2 . . 1 . 6 1 . . . 2 . . . . . . . . . . 5 Protector 24 | . . . . . . . . 2 13 . . . . 1 . . . . . . . . . . 8 Sentry 58 | . . . 9 . . . 8 5 3 1 . . 1 8 . . . . 3 . 2 2 . 2 14 Demolisher 1 | . . . . 1 . . . . . . . . . . . . . . . . . . . . . Hunter 43 | . . . . . . . . 1 19 . . . . 3 . . . 2 2 . . 5 1 . 10 Programmer 37 | . . . . . . . . . 12 . . . . 6 . 1 . . 4 . . 2 2 . 10 Behemoth 5 | . . . . . . . . . . 1 1 . 1 . . . . 1 . . . 1 . . . Compactor 6 | . . . . . . . . . . . . . . . . . . . . 6 . . . . . Cetus Guard 3 | . . . . . . . . . . . . . . . . . . . . . . . 3 . . Lightning 12 | . . . . . . . . . . . . . . . . . . . . . . . . . 12 Surgeon 1 | . . . . . . . . . . . . . . . . . . . . . 1 . . . . Butcher 1 | . . . . . . . . . . . . . . . . . . . . . . . . 1 . Guerrilla 1 | . . . . . . . . . . . . . . . . . . . . . . 1 . . . Mutant 1 | . . . . . . . . . . . . . . . 1 . . . . . . . . . . Best Kill Streak 33 | 2 5 3 10 5 . 6 11 10 28 5 5 . 6 7 3 1 . 4 7 5 3 5 4 3 33 Combat Bots Only 27 | . 5 3 4 4 . 6 7 9 24 5 5 . 6 7 3 1 . 4 5 5 2 4 4 2 27 Max Kills in Single Turn 6 | 2 1 2 2 4 . 4 3 4 6 3 3 . 3 4 3 1 . 2 2 1 1 3 3 1 4 Gunslinging . | . . . . . . . . . . . . . . . . . . . . . . . . . . Exploded 4 | . . 2 2 3 . 3 3 3 4 2 2 . 3 4 2 . . 2 1 1 . 2 2 . 2 Melee 1 | . . . . . . . . 1 . . . . . 1 . . . . . . . 1 . . . Uniques/NPCs Destroyed 1 | . . . . . . . . 1 . . . . . . . . . . . . . . . . . 01-MTF (-8/Storage) Combat | -11 -10 -10 -9 -9 -9 -8 -8 -8 -7 -7 -7 -7 -6 -6 -6 -6 -6 -5 -5 -5 -5 -5 -5 -5 -5 -------- Run | Scr Mat Min Mat Min Exi Min Mat Sto Fac Low Low Zio Pro Fac Low Low Dat Pro Fac Was Fac Ext Cet Arc Hub Damage Taken 19401 | . 682 297 680 424 . 405 962 901 4938 317 266 . 471 1954 58 78 . 771 493 . 229 621 234 162 4458 Core 13015 | . 552 226 504 279 . 195 562 530 3531 246 184 . 352 1435 44 54 . 585 348 . 136 390 153 98 2611 Absorbed by Shields 171 | . . . . . . . 77 39 . . . . . . . . . . . . . 12 43 . . Reduced by Siege Mode 18 | . . . . . . . . . . . . . . . . . . . . . . 1 . . 17 Redirected to Core 11812 | . 416 219 433 259 . 181 514 473 3196 201 173 . 330 1373 44 54 . 512 337 . 119 364 153 98 2363 Core Remaining (%) 88 | 100 . 51 . . . 90 . 87 . . . . 100 . . . . 100 . . . . . . . Volleys Fired 1290 | 7 78 42 96 35 . 38 98 91 226 23 18 7 27 146 9 9 . 34 29 11 21 25 18 20 182 Largest 5 | 2 3 3 4 3 . 3 3 4 4 3 4 3 4 5 4 2 . 4 4 5 4 5 5 4 5 Hottest 587 | 40 204 204 260 204 . 250 250 454 454 250 454 204 454 566 250 250 . 338 418 576 348 587 557 307 557 Shots Fired 3229 | 14 139 60 263 104 . 80 248 224 629 51 41 21 66 453 30 10 . 68 81 41 65 58 46 56 381 Gun 495 | 14 133 . 18 . . . . . . . . . . 24 8 2 . 18 24 9 22 17 21 34 151 Cannon 2703 | . 6 35 243 102 . 80 248 222 629 51 41 21 66 429 22 8 . 50 57 32 43 41 25 22 230 Launcher 31 | . . 25 2 2 . . . 2 . . . . . . . . . . . . . . . . . Special . | . . . . . . . . . . . . . . . . . . . . . . . . . . Kinetic 145 | 14 48 . . . . . . 1 . . . . . 8 . . . . . . . 4 10 2 58 Thermal 3028 | . 91 35 261 102 . 80 248 221 629 51 41 21 66 445 30 10 . 68 81 41 64 47 36 54 306 Explosive 28 | . . 25 2 1 . . . . . . . . . . . . . . . . . . . . . Electromagnetic 28 | . . . . 1 . . . 2 . . . . . . . . . . . . 1 7 . . 17 Robot Hit Streak 89 | 5 9 6 24 33 . 20 56 36 89 36 46 47 60 67 17 7 . 24 50 55 47 35 43 52 84 Robot Miss Streak 4 | 2 3 1 2 1 . 1 2 2 2 1 4 . 3 1 1 1 . 1 1 1 1 2 . 3 2 Penetration Max 1 | . . . . . . . . . . . . . . . . . . . . . . . . . 1 Secondary Targets 2 | . 1 . . . . . . . . . . . . . . . . . . . . . 1 . . Max Gunslinging Chain 1 | . 1 . . . . . . . . . . . . . . . . . . . . . 1 . . Shots Hit Robots 2109 | 9 75 17 140 56 . 46 162 113 419 35 30 1 46 317 19 4 . 57 67 36 55 46 23 44 292 Core Hits 1706 | 7 30 19 63 32 . 50 111 65 366 32 35 1 39 184 11 1 . 55 38 13 38 53 25 27 411 Critical Hits 227 | 1 . . 21 10 . 7 21 15 58 5 4 . 9 31 3 . . 3 4 4 4 2 1 2 22 Critical Kills 82 | 1 . . 7 4 . 4 9 6 18 3 1 . 2 15 . . . 1 . 1 1 1 . 2 6 Critical Parts Destroyed 123 | . . . 14 6 . 3 12 8 34 2 2 . 3 13 1 . . 2 4 1 3 1 1 . 13 Melee Attacks 68 | . 9 . . . . . . 40 . . . 19 . . . . . . . . . . . . . Impact 59 | . . . . . . . . 40 . . . 19 . . . . . . . . . . . . . Slashing 2 | . 2 . . . . . . . . . . . . . . . . . . . . . . . . Piercing . | . . . . . . . . . . . . . . . . . . . . . . . . . . Sneak Attacks 6 | . 6 . . . . . . . . . . . . . . . . . . . . . . . . Combat Hostiles . | . . . . . . . . . . . . . . . . . . . . . . . . . . Follow-up Attacks . | . . . . . . . . . . . . . . . . . . . . . . . . . . Damage Inflicted 82139 | 146 1053 667 2962 1521 . 1940 5034 3781 16737 1390 1461 23 1445 10842 663 112 . 2560 2497 1532 1912 2545 1071 1431 18814 Guns 10323 | 146 894 . 275 . . . . . . . . . . 558 176 60 . 421 733 431 880 559 267 940 3983 Cannons 43112 | . 21 325 2626 1294 . 1034 3605 2420 10007 871 770 23 876 7972 397 17 . 1036 818 853 941 979 437 491 5299 Explosions 27602 | . . 338 60 227 . 906 1302 1076 6705 519 691 . 569 2092 90 35 . 1103 937 248 . 919 363 . 9422 Melee 351 | . 138 . . . . . . 213 . . . . . . . . . . . . . . . . . Ramming 751 | . . 4 1 . . . 127 72 25 . . . . 220 . . . . 9 . 91 88 4 . 110 Kinetic 1447 | 146 406 . . . . . . . . . . . . 50 . . . . . . . 69 108 34 634 Thermal 76512 | . 509 325 2901 1294 . 1940 4907 3496 16050 1390 1461 23 1445 10145 663 112 . 2560 2488 1532 1800 2217 959 1397 16898 Explosive 1663 | . . 338 60 176 . . . . 662 . . . . 427 . . . . . . . . . . . Electromagnetic 1415 | . . . . 51 . . . . . . . . . . . . . . . . 21 171 . . 1172 Impact 213 | . . . . . . . . 213 . . . . . . . . . . . . . . . . . Slashing 138 | . 138 . . . . . . . . . . . . . . . . . . . . . . . . Piercing . | . . . . . . . . . . . . . . . . . . . . . . . . . . Highest Corruption 6 | . 1 1 1 1 1 1 5 6 4 4 4 4 . 1 . . . . 1 6 6 6 . . 2 Average Corruption 3 | . 1 1 1 1 1 1 5 5 2 4 4 4 . 1 . . . . 1 4 6 5 . . 1 Corruption Purged 8 | . . . . . . . . . . . . . . 2 . . . . . . . 6 . . . Effects 330 | . . 9 11 6 1 7 33 80 40 26 35 5 . . . . . . 1 9 21 35 . . 11 Message Errors 89 | . . 3 5 3 1 3 6 16 8 13 7 1 . . . . . . 1 3 7 9 . . 3 Matter Fused 68 | . . . . . . . 7 17 5 6 18 1 . . . . . . . 2 4 8 . . . Heat Flow Errors 22 | . . . . . . . 3 3 2 1 3 1 . . . . . . . 2 2 5 . . . Energy Discharges 38 | . . 2 1 1 . 1 2 15 2 1 4 1 . . . . . . . 1 . 5 . . 2 Parts Rejected 3 | . . . . . . . . 1 . . 1 . . . . . . . . . . 1 . . . Data Loss (minor) 36 | . . 4 2 1 . 1 5 8 1 4 2 . . . . . . . . . 2 4 . . 2 Data Loss (major) 6 | . . . . . . . 4 2 . . . . . . . . . . . . . . . . . Misfires 7 | . . . . . . . . 3 . . . . . . . . . . . 1 2 1 . . . Targeting Errors 50 | . . . 3 1 . 2 5 11 19 1 . 1 . . . . . . . . 3 1 . . 3 Weapon Failures 11 | . . . . . . . 1 4 3 . . . . . . . . . . . 1 1 . . 1 Overload Shots . | . . . . . . . . . . . . . . . . . . . . . . . . . . Overflow Damage 1251 | . 26 . 31 43 . 20 50 145 159 23 49 . . 273 57 . . 49 72 . 23 13 . 21 197 Projectiles 852 | . . . 31 23 . 20 45 119 116 23 32 . . 214 50 . . 17 2 . 23 10 . 21 106 Explosions 349 | . . . . 20 . . 5 2 43 . 17 . . 59 7 . . 32 70 . . 3 . . 91 Melee 50 | . 26 . . . . . . 24 . . . . . . . . . . . . . . . . . Knockbacks 8 | . . . . . . . 2 1 . . . . . . . . . . . . 2 1 . . 2 Impact 6 | . . . . . . . 2 1 . . . . . . . . . . . . 2 1 . . . Kinetic 2 | . . . . . . . . . . . . . . . . . . . . . . . . . 2 Secondary . | . . . . . . . . . . . . . . . . . . . . . . . . . . Self-Inflicted Damage 773 | . 28 65 . 31 . 41 30 15 250 28 22 . 15 43 29 . . 16 30 . . 3 4 . 123 Shots 65 | . 1 3 . 1 . 5 3 3 15 4 2 . 2 5 2 . . 2 3 . . 1 1 . 12 Rammed 67 | . . 2 1 . . . 12 5 5 . . . . 12 . . . . 1 . 12 3 2 . 12 Targets Rammed 74 | . . 2 1 . . . 15 5 5 . . . . 14 . . . . 1 . 13 4 2 . 12 Kicked . | . . . . . . . . . . . . . . . . . . . . . . . . . . Crushed 7 | . . . . . . . 3 . . . . . . 2 . . . . . . 1 1 . . . Highest Temperature 845 | . 156 164 276 60 . 129 334 323 470 334 382 87 356 391 64 272 . 428 252 443 275 265 389 160 845 Average Temperature 97 | . 38 66 49 19 . 64 81 94 133 154 137 55 140 110 21 139 . 123 94 131 107 87 132 55 155 Received Heat Transfer 5384 | . 201 66 222 75 . 135 445 322 1701 63 72 . 30 624 . . . 153 45 . 90 84 . 27 1029 Effects 13 | . . . . . . . . . 1 . . . . 3 . 1 . 1 . 1 . . . . 6 Shutdowns 1 | . . . . . . . . . . . . . . . . . . . . . . . . . 1 Energy Bleed 4 | . . . . . . . . . 1 . . . . . . . . 1 . 1 . . . . 1 Interference 5 | . . . . . . . . . . . . . . 3 . 1 . . . . . . . . 1 Short Circuit 1 | . . . . . . . . . . . . . . . . . . . . . . . . . 1 Damage (major) 1 | . . . . . . . . . . . . . . . . . . . . . . . . . 1 Damage (core) 1 | . . . . . . . . . . . . . . . . . . . . . . . . . 1 Siege Activations 4 | . . . . . . . . . . . . . . . . . . . . . . 3 . . 1 Total Turns 56 | . . . . . . . . . . . . . . . . . . . . . . 12 . . 44 Longest Duration 44 | . . . . . . . . . . . . . . . . . . . . . . 4 . . 44 Robots Corrupted 3 | . . . . . . . . . . . . . . . . . . . . . . . . . 3 Combat Hostiles 2 | . . . . . . . . . . . . . . . . . . . . . . . . . 2 Parts Fried 14 | . . . . . . . . 2 . . . . . 1 . . . 3 . . . 1 . . 7 Impact Corruptions 2 | . . . . . . . . 1 . . . . . 1 . . . . . . . . . . . Robots Melted 161 | . . . . . . 2 7 4 44 3 4 . 3 13 1 . . 6 5 4 . 4 1 . 60 Combat Hostiles 146 | . . . . . . 2 7 3 36 3 3 . 3 13 1 . . 6 4 4 . 4 1 . 56 Parts Melted 805 | . 1 . 14 2 . 20 42 22 215 23 13 . 20 65 2 2 . 33 13 13 3 41 12 4 245 Heat Transferred 216968 | . 1223 592 5291 2294 . 7640 13747 9934 48152 4759 5934 37 4427 21104 1302 314 . 8855 4883 3670 2706 7228 3360 1797 57719 Parts Sabotaged 4 | . . . . . . . . . . . . . . 3 . . . . . . . . . . 1 Parts Stolen . | . . . . . . . . . . . . . . . . . . . . . . . . . . Parts Stripped . | . . . . . . . . . . . . . . . . . . . . . . . . . . Power Chain Reactions . | . . . . . . . . . . . . . . . . . . . . . . . . . . Missiles Intercepted . | . . . . . . . . . . . . . . . . . . . . . . . . . . Alert | -11 -10 -10 -9 -9 -9 -8 -8 -8 -7 -7 -7 -7 -6 -6 -6 -6 -6 -5 -5 -5 -5 -5 -5 -5 -5 ------- Run | Scr Mat Min Mat Min Exi Min Mat Sto Fac Low Low Zio Pro Fac Low Low Dat Pro Fac Was Fac Ext Cet Arc Hub Peak Influence 4476 | 30 330 308 677 375 . 558 1273 946 4476 . . . . 1802 . . . . 534 161 904 1130 1625 911 4122 Average Influence 702 | 12 180 159 413 239 . 366 637 739 1787 . . . . 599 . . . . 256 141 601 736 1166 794 1432 Maximum Alert Level 5 | . 1 1 2 1 . 2 4 3 5 . . . . 5 . . . . 2 . 3 4 5 3 5 Low Security (%) 20 | 100 65 66 13 27 . 11 11 . . . . . . 25 . . . . 41 100 15 . . . . Level 1 18 | . 34 33 28 72 . 32 17 . . . . . . 16 . . . . 49 . 3 . . . 16 Level 2 23 | . . . 58 . . 55 18 41 10 . . . . 25 . . . . 9 . 41 50 4 5 19 Level 3 19 | . . . . . . . 43 58 19 . . . . 10 . . . . . . 38 44 31 94 15 Level 4 10 | . . . . . . . 10 . 36 . . . . 12 . . . . . . . 4 61 . 14 Level 5 2 | . . . . . . . . . 5 . . . . 8 . . . . . . . . 2 . 1 High Security 4 | . . . . . . . . . 28 . . . . . . . . . . . . . . . 31 Max Security . | . . . . . . . . . . . . . . . . . . . . . . . . . . Squads Dispatched 137 | . 5 . 4 1 . . 5 4 52 . . . . 23 . . . . 3 . 4 2 2 . 32 Investigation 20 | . 3 . 1 . . . 4 . 3 . . . . 4 . . . . 1 . 1 . 2 . 1 Extermination 12 | . . . . . . . . . 3 . . . . 6 . . . . 1 . 1 . . . 1 Reinforcement 27 | . 2 . 2 . . . 1 2 6 . . . . 6 . . . . 1 . 2 1 . . 4 Assault 72 | . . . 1 1 . . . 2 37 . . . . 4 . . . . . . . 1 . . 26 Garrison 6 | . . . . . . . . . 3 . . . . 3 . . . . . . . . . . . Intercept . | . . . . . . . . . . . . . . . . . . . . . . . . . . Construction Impeded 11 | . . . . . . . 1 2 2 . . . . . . . . . 1 . 1 1 . . 3 Haulers Reinforced 4 | . . . . . . . . . 1 . . . . 2 . . . . . . 1 . . . . Stealth | -11 -10 -10 -9 -9 -9 -8 -8 -8 -7 -7 -7 -7 -6 -6 -6 -6 -6 -5 -5 -5 -5 -5 -5 -5 -5 --------- Run | Scr Mat Min Mat Min Exi Min Mat Sto Fac Low Low Zio Pro Fac Low Low Dat Pro Fac Was Fac Ext Cet Arc Hub Distress Signals 13 | . . . 2 . . . 1 . 2 . . . . 1 . . . . . . . 1 2 . 4 Communications Jammed 63 | . . . . . . . . . . . . . . 42 . . . . . . 2 19 . . . Distress Signals 60 | . . . . . . . . . . . . . . 40 . . . . . . 1 19 . . . Times Spotted 951 | . 23 12 56 19 . 34 62 51 215 16 16 . 24 84 4 2 . 24 17 7 18 29 33 10 195 Peak Tracking Total 17 | . 6 3 5 4 . 4 5 6 17 5 6 . 3 5 3 1 . 4 5 5 3 5 9 2 17 Tactical Retreats 38 | . . . 1 . . 2 3 6 9 . 2 . . 2 . . . 1 . 1 1 . 1 . 9 Traps | -11 -10 -10 -9 -9 -9 -8 -8 -8 -7 -7 -7 -7 -6 -6 -6 -6 -6 -5 -5 -5 -5 -5 -5 -5 -5 ------- Run | Scr Mat Min Mat Min Exi Min Mat Sto Fac Low Low Zio Pro Fac Low Low Dat Pro Fac Was Fac Ext Cet Arc Hub Traps Triggered 19 | . 4 . 1 . . . 1 4 3 . . . . 4 . . . . 1 . . . . . 1 Indirectly . | . . . . . . . . . . . . . . . . . . . . . . . . . . Trap Hack Attempts 45 | . 45 . . . . . . . . . . . . . . . . . . . . . . . . Triggered . | . . . . . . . . . . . . . . . . . . . . . . . . . . Disarmed . | . . . . . . . . . . . . . . . . . . . . . . . . . . Reprogrammed 2 | . 2 . . . . . . . . . . . . . . . . . . . . . . . . Reused 1 | . . . . . . . . . . . . . . . . . . 1 . . . . . . . Traps Extracted . | . . . . . . . . . . . . . . . . . . . . . . . . . . Installed 6 | . . . . . . . . . . . 1 . . . . . . 5 . . . . . . . Triggered 3 | . . . . . . . . . . . . . . . . . . 3 . . . . . . . Machines | -11 -10 -10 -9 -9 -9 -8 -8 -8 -7 -7 -7 -7 -6 -6 -6 -6 -6 -5 -5 -5 -5 -5 -5 -5 -5 ---------- Run | Scr Mat Min Mat Min Exi Min Mat Sto Fac Low Low Zio Pro Fac Low Low Dat Pro Fac Was Fac Ext Cet Arc Hub Machines Disabled 142 | . 4 12 9 6 . 10 11 8 18 . . . . 10 1 . . . 6 . 3 7 3 3 31 Max in Single Turn 12 | . 1 4 2 1 . 3 3 1 2 . . . . 5 1 . . . 4 . . 3 1 1 12 Garrison Access 4 | . . . . . . . 1 1 1 . . . . 1 . . . . . . . . . . . Network Hub 4 | . . . . . . . . . . . . . . . . . . . . . . . . . 4 Machines Sabotaged . | . . . . . . . . . . . . . . . . . . . . . . . . . . Garrisons Compromised . | . . . . . . . . . . . . . . . . . . . . . . . . . . Overloaded Fab Kills . | . . . . . . . . . . . . . . . . . . . . . . . . . . Fab Network Shutdowns 1 | . . . . . . . . . 1 . . . . . . . . . . . . . . . . Hacking | -11 -10 -10 -9 -9 -9 -8 -8 -8 -7 -7 -7 -7 -6 -6 -6 -6 -6 -5 -5 -5 -5 -5 -5 -5 -5 --------- Run | Scr Mat Min Mat Min Exi Min Mat Sto Fac Low Low Zio Pro Fac Low Low Dat Pro Fac Was Fac Ext Cet Arc Hub Machines Accessed 125 | . 8 . 12 1 2 . 17 16 11 1 . . . 22 . . 4 . 7 . 3 9 4 1 7 Terminals 78 | . 5 . 9 . . . 12 13 3 . . . . 12 . . . . 3 . 2 8 4 . 7 Fabricators 9 | . . . . . . . . . 3 . . . . 3 . . . . 2 . 1 . . . . Repair Stations 4 | . 1 . . . . . 1 . 1 . . . . 1 . . . . . . . . . . . Recycling Units 17 | . 2 . 1 . . . 2 2 3 . . . . 4 . . . . 2 . . 1 . . . Scanalyzers 4 | . . . 2 . . . 1 . 1 . . . . . . . . . . . . . . . . Garrison Access 4 | . . . . . . . 1 1 . . . . . 2 . . . . . . . . . . . Total Hacks 398 | . 25 . 42 1 24 . 60 42 29 1 . . . 53 . . 24 . 16 . 6 15 14 25 21 Successful 260 | . 16 . 30 1 24 . 34 26 16 1 . . . 28 . . 24 . 7 . 2 12 5 25 9 Failed 138 | . 9 . 12 . . . 26 16 13 . . . . 25 . . . . 9 . 4 3 9 . 12 Catastrophic 19 | . 2 . . . . . 3 1 1 . . . . 7 . . . . 2 . 1 1 1 . . Database Lockouts . | . . . . . . . . . . . . . . . . . . . . . . . . . . Manual 181 | . 14 . 22 1 2 . 32 34 9 . . 8 . 20 . . . . 5 . 2 8 5 3 16 Terminals 226 | . 16 . 36 . . . 46 33 6 . . . . 31 . . . . 7 . 3 13 14 . 21 Fabricators 22 | . . . . . . . . . 8 . . . . 7 . . . . 4 . 3 . . . . Repair Stations 10 | . 3 . . . . . 3 . 2 . . . . 2 . . . . . . . . . . . Recycling Units 46 | . 6 . 2 . . . 5 8 8 . . . . 10 . . . . 5 . . 2 . . . Scanalyzers 13 | . . . 4 . . . 4 . 5 . . . . . . . . . . . . . . . . Garrison Access 6 | . . . . . . . 2 1 . . . . . 3 . . . . . . . . . . . Terminal Hacks 126 | . 6 . 12 1 24 . 11 6 1 1 . . . 7 . . 24 . 1 . . 4 2 25 1 Record 63 | . . . . . 23 . . . . . . . . 1 . . 11 . 1 . . . 2 25 . Part Schematic 7 | . . . . . . . 1 . . . . . . 2 . . 4 . . . . . . . . Robot Schematic 6 | . . . . . . . . . . . . . . . . . 6 . . . . . . . . Robot Analysis 4 | . 1 . 1 . . . 1 . . . . . . . . . . . . . . 1 . . . Prototype ID Bank 13 | . 2 . 2 . . . 3 . . . . . . 2 . . 3 . . . . 1 . . . Open Door 4 | . . . . 1 . . . 1 . 1 . . . . . . . . . . . 1 . . . Level Access Points 2 | . . . 1 . . . . . . . . . . 1 . . . . . . . . . . . Branch Access Points 1 | . . . . . . . 1 . . . . . . . . . . . . . . . . . . Terminal Index 3 | . . . . . . . 1 2 . . . . . . . . . . . . . . . . . Alert Level 6 | . 1 . 3 . . . 1 . 1 . . . . . . . . . . . . . . . . Unreport Threat 8 | . . . 2 . . . 2 2 . . . . . . . . . . . . . 1 . . 1 Locate Traps 4 | . 1 . 1 . . . . 1 . . . . . 1 . . . . . . . . . . . Hauler Manifests 1 | . . . 1 . . . . . . . . . . . . . . . . . . . . . . Registered Components 1 | . 1 . . . . . . . . . . . . . . . . . . . . . . . . Zone Layout 2 | . . . 1 . . . 1 . . . . . . . . . . . . . . . . . . EX-Prototype ID Bank 1 | . . . . . 1 . . . . . . . . . . . . . . . . . . . . Fabricator Hacks 10 | . . . . . . . . . 4 . . . . 4 . . . . 1 . 1 . . . . Network Status 1 | . . . . . . . . . 1 . . . . . . . . . . . . . . . . Load Schematic 5 | . . . . . . . . . 1 . . . . 2 . . . . 1 . 1 . . . . Build 4 | . . . . . . . . . 2 . . . . 2 . . . . . . . . . . . Repair Station Hacks 6 | . 1 . . . . . 2 . 1 . . . . 2 . . . . . . . . . . . Scan Component 3 | . . . . . . . 1 . 1 . . . . 1 . . . . . . . . . . . Repair 2 | . . . . . . . 1 . . . . . . 1 . . . . . . . . . . . Refit 1 | . 1 . . . . . . . . . . . . . . . . . . . . . . . . Recycling Unit Hacks 20 | . 2 . 1 . . . 3 2 4 . . . . 4 . . . . 2 . . 2 . . . Report Inventory 16 | . 2 . 1 . . . 2 2 3 . . . . 3 . . . . 2 . . 1 . . . Retrieve Components 4 | . . . . . . . 1 . 1 . . . . 1 . . . . . . . 1 . . . Scanalyzer 11 | . . . 4 . . . 3 . 4 . . . . . . . . . . . . . . . . Insert Component 6 | . . . 2 . . . 2 . 2 . . . . . . . . . . . . . . . . Analyze 5 | . . . 2 . . . 1 . 2 . . . . . . . . . . . . . . . . Garrison Access Hacks 3 | . . . . . . . 1 1 . . . . . 1 . . . . . . . . . . . Seal Access 3 | . . . . . . . 1 1 . . . . . 1 . . . . . . . . . . . Unauthorized Hacks 217 | . 17 . 31 . . . 35 43 11 . . . . 27 . . . . 7 . 3 14 6 . 23 Terminals 70 | . 5 . 12 . . . 11 14 1 . . . . 6 . . . . 3 . 1 6 3 . 8 Track 1 | . . . 1 . . . . . . . . . . . . . . . . . . . . . . Assimilate 4 | . . . . . . . 1 1 . . . . . . . . . . . . . . . . 2 Botnet 56 | . 5 . 8 . . . 9 9 1 . . . . 6 . . . . 3 . 1 5 3 . 6 Disrupt 2 | . . . 1 . . . . 1 . . . . . . . . . . . . . . . . . Operators 7 | . . . 2 . . . 1 3 . . . . . . . . . . . . . 1 . . . Fabricators . | . . . . . . . . . . . . . . . . . . . . . . . . . . Repair Stations . | . . . . . . . . . . . . . . . . . . . . . . . . . . Recycling Units 12 | . 2 . 1 . . . 2 3 . . . . . 4 . . . . . . . . . . . Monitor 1 | . . . . . . . . 1 . . . . . . . . . . . . . . . . . Reject 7 | . 1 . . . . . 2 2 . . . . . 2 . . . . . . . . . . . Tunnel 4 | . 1 . 1 . . . . . . . . . . 2 . . . . . . . . . . . Scanalyzers 2 | . . . . . . . 1 . 1 . . . . . . . . . . . . . . . . Extract 2 | . . . . . . . 1 . 1 . . . . . . . . . . . . . . . . Garrison Access . | . . . . . . . . . . . . . . . . . . . . . . . . . . Data Cores Recovered 8 | . 1 . 3 . . . . 1 . . . . . 1 . . . . . . 1 1 . . . Used 6 | . 1 . 2 . . . . 1 . . . . . 1 . . . . . . . 1 . . . Hacking Detections 100 | . 8 . 9 . . . 17 12 11 . . . . 18 . . . . 7 . 2 6 3 . 7 Full Trace Events 15 | . 1 . 1 . . . 3 1 2 . . . . 2 . . . . 1 . 1 . 2 . 1 Feedback Events . | . . . . . . . . . . . . . . . . . . . . . . . . . . Feedback Blocked . | . . . . . . . . . . . . . . . . . . . . . . . . . . Robot Schematics Acquired 6 | . . . . . . . . . . . . . . . . . 6 . . . . . . . . Robots Built . | . . . . . . . . . . . . . . . . . . . . . . . . . . Matter . | . . . . . . . . . . . . . . . . . . . . . . . . . . Time . | . . . . . . . . . . . . . . . . . . . . . . . . . . Total Robot Build Rating . | . . . . . . . . . . . . . . . . . . . . . . . . . . Part Schematics Acquired 16 | . . . 2 . . . 4 . 4 . . . . 2 . . 4 . . . . . . . . Parts Built 7 | . . . . . . . . . 4 . . . . 3 . . . . . . . . . . . Matter 716 | . . . . . . . . . 292 . . . . 424 . . . . . . . . . . . Time 358 | . . . . . . . . . 146 . . . . 212 . . . . . . . . . . . Total Part Build Rating 30 | . . . . . . . . . 12 . . . . 18 . . . . . . . . . . . Parts Repaired 2 | . . . . . . . 1 . . . . . . 1 . . . . . . . . . . . Time 82 | . . . . . . . 38 . . . . . . 44 . . . . . . . . . . . Parts Recycled . | . . . . . . . . . . . . . . . . . . . . . . . . . . Recycled Matter . | . . . . . . . . . . . . . . . . . . . . . . . . . . Retrieved Matter . | . . . . . . . . . . . . . . . . . . . . . . . . . . Retrieved Components 25 | . . . . . . . 3 . 2 . . . . 10 . . . . . . . 10 . . . Parts Scanalyzed 5 | . . . 2 . . . 1 . 2 . . . . . . . . . . . . . . . . Part Schematics Acquired 5 | . . . 2 . . . 1 . 2 . . . . . . . . . . . . . . . . Parts Damaged 1 | . . . . . . . . . 1 . . . . . . . . . . . . . . . . Bothacking | -11 -10 -10 -9 -9 -9 -8 -8 -8 -7 -7 -7 -7 -6 -6 -6 -6 -6 -5 -5 -5 -5 -5 -5 -5 -5 ------------ Run | Scr Mat Min Mat Min Exi Min Mat Sto Fac Low Low Zio Pro Fac Low Low Dat Pro Fac Was Fac Ext Cet Arc Hub Used RIF Installer . | . . . . . . . . . . . . . . . . . . . . . . . . . . Robots Hacked 4 | . 4 . . . . . . . . . . . . . . . . . . . . . . . . Non-combat 4 | . 4 . . . . . . . . . . . . . . . . . . . . . . . . Combat . | . . . . . . . . . . . . . . . . . . . . . . . . . . Robot Hacks Applied 5 | . 5 . . . . . . . . . . . . . . . . . . . . . . . . parse_system 1 | . 1 . . . . . . . . . . . . . . . . . . . . . . . . no_distress 3 | . 3 . . . . . . . . . . . . . . . . . . . . . . . . find_recycling 1 | . 1 . . . . . . . . . . . . . . . . . . . . . . . . Relay Couplers Released . | . . . . . . . . . . . . . . . . . . . . . . . . . . Robots Rewired 20 | . . . . . . . . . . 1 . . . . 3 . . . . . . 16 . . . Allies Hacked . | . . . . . . . . . . . . . . . . . . . . . . . . . . Hacks Repelled . | . . . . . . . . . . . . . . . . . . . . . . . . . . Allies | -11 -10 -10 -9 -9 -9 -8 -8 -8 -7 -7 -7 -7 -6 -6 -6 -6 -6 -5 -5 -5 -5 -5 -5 -5 -5 -------- Run | Scr Mat Min Mat Min Exi Min Mat Sto Fac Low Low Zio Pro Fac Low Low Dat Pro Fac Was Fac Ext Cet Arc Hub Total Allies 56 | . . . . 4 . . 1 2 . 1 . . . . 3 . . 1 . 19 . 20 5 . . Largest Group 20 | . . . . 4 4 4 1 2 . 1 1 . . . 3 3 2 3 . 19 19 20 18 6 3 Highest-Rated Group 920 | . . . . 66 66 66 10 115 . 16 16 . . . 60 60 40 134 . 696 696 702 920 289 100 Highest-Rated Ally 156 | . . . . 31 26 26 10 99 . 16 16 . . . 20 20 20 94 . 50 50 156 156 136 37 Total Orders 20 | . . . . . . . . 3 2 . . . . 1 . . . 2 . . . . 10 . 2 STAY 6 | . . . . . . . . . . . . . . . . . . . . . . . 6 . . GOTO 4 | . . . . . . . . . . . . . . . . . . 1 . . . . 3 . . FOLLOW 2 | . . . . . . . . . . . . . . . . . . 1 . . . . 1 . . EXPLORE 7 | . . . . . . . . 2 2 . . . . 1 . . . . . . . . . . 2 RETURN 1 | . . . . . . . . 1 . . . . . . . . . . . . . . . . . Ally Attacks 494 | . . . . 12 . 36 . 28 . . 5 . . . . 5 . 25 . . 110 103 131 13 26 Total Damage 12148 | . . . . 140 . 399 . 879 . . 36 . . . . 95 . 602 . . 3029 2537 3829 277 325 Kills 107 | . . . . 3 . 5 . 10 . . . . . . . 1 . 3 . . 24 18 33 2 8 Allies Corrupted 4 | . . . . . . . . . . . . . . . . . . . . . . 2 1 . 1 Allies Melted 2 | . . . . . . . . 1 . . 1 . . . . . . . . . . . . . . Intel | -11 -10 -10 -9 -9 -9 -8 -8 -8 -7 -7 -7 -7 -6 -6 -6 -6 -6 -5 -5 -5 -5 -5 -5 -5 -5 ------- Run | Scr Mat Min Mat Min Exi Min Mat Sto Fac Low Low Zio Pro Fac Low Low Dat Pro Fac Was Fac Ext Cet Arc Hub Robot Analysis Total 4 | . 1 . 1 . . . 1 . . . . . . . . . . . . . . 1 . . . Derelict Logs Recovered 14 | . . 1 . 2 . . . . . 1 1 2 3 . 1 1 . 2 . . . . . . . Drone Launches 12 | . . . . . . . . 6 2 . . . . 2 . . . . . . . . . . 2 Drone Recoveries 2 | . . . . . . . . 2 . . . . . . . . . . . . . . . . . Exploration | -11 -10 -10 -9 -9 -9 -8 -8 -8 -7 -7 -7 -7 -6 -6 -6 -6 -6 -5 -5 -5 -5 -5 -5 -5 -5 ------------- Run | Scr Mat Min Mat Min Exi Min Mat Sto Fac Low Low Zio Pro Fac Low Low Dat Pro Fac Was Fac Ext Cet Arc Hub Turns Passed 40404 | 379 1355 1739 2050 1444 526 1599 2272 2537 2964 1441 1532 2295 1672 5552 1483 731 146 1624 1004 444 602 1707 958 547 1801 Spaces Moved 23471 | 231 1004 1486 1370 946 351 951 1145 1272 1227 912 988 1488 1060 2943 966 465 99 984 511 252 330 870 546 300 774 Core 5 | 3 2 . . . . . . . . . . . . . . . . . . . . . . . . Treads 17682 | 177 81 15 93 164 1 107 1057 1272 1227 912 988 1488 1060 2943 966 465 99 984 511 252 330 870 546 300 774 Legs 140 | 5 . 122 . . 13 . . . . . . . . . . . . . . . . . . . . Wheels 5644 | 46 921 1349 1277 782 337 844 88 . . . . . . . . . . . . . . . . . . Hover . | . . . . . . . . . . . . . . . . . . . . . . . . . . Flight . | . . . . . . . . . . . . . . . . . . . . . . . . . . Fastest Speed 50 | 50 80 100 90 120 90 115 150 152 145 145 145 145 145 145 145 145 145 145 145 147 148 148 148 160 160 Average Speed 141 | 141 94 107 116 130 146 150 155 154 145 145 145 145 145 147 145 145 145 145 146 147 148 148 153 160 160 Slowest Speed 220 | 160 160 180 160 160 220 180 175 180 152 145 145 145 145 165 145 145 145 165 148 148 148 148 160 160 160 Overloaded Moves . | . . . . . . . . . . . . . . . . . . . . . . . . . . Propulsion Burnouts . | . . . . . . . . . . . . . . . . . . . . . . . . . . Robots Hopped . | . . . . . . . . . . . . . . . . . . . . . . . . . . Cave-ins Triggered 2 | . . . . . . . . 1 . . . . . . . . . . . . . . . . 1 Exploration Rate (%) 78 | 9 97 101 96 100 71 96 86 96 32 93 97 87 99 67 97 57 75 95 11 94 9 97 91 98 88 Regions Visited 25 Branch Regions 17 Pre-discovered Areas 11 | . 1 1 1 1 1 . . . . . . . 1 2 1 . 1 1 . . . . . . . Known Exits Taken 18 | . 1 1 1 . . 1 1 . . 1 1 1 1 1 1 1 1 1 . . 1 1 1 1 . Unknown Exits Taken 5 | 1 . . . 1 1 . . 1 1 . . . . . . . . . . . . . . . . Scrap Searched 38 | . . 4 . 1 . 3 . . . 4 5 4 5 . 4 4 . 4 . . . . . . . Spaces Dug 117 | . . 88 . . . . 13 7 . . . . . 4 . 3 . 1 . 1 . . . . . Terrain Destroyed 1461 | . . 170 52 24 . 69 198 111 74 . . . . 121 5 6 . 13 48 13 9 9 6 6 527 Melee 4 | . . . . . . . . 4 . . . . . . . . . . . . . . . . . Projectile 169 | . . . . 3 . 3 8 11 2 . . . . 40 5 5 . 11 15 6 9 9 3 6 33 AOE 1288 | . . 170 52 21 . 66 190 96 72 . . . . 81 . 1 . 2 33 7 . . 3 . 494 Actions | -11 -10 -10 -9 -9 -9 -8 -8 -8 -7 -7 -7 -7 -6 -6 -6 -6 -6 -5 -5 -5 -5 -5 -5 -5 -5 --------- Run | Scr Mat Min Mat Min Exi Min Mat Sto Fac Low Low Zio Pro Fac Low Low Dat Pro Fac Was Fac Ext Cet Arc Hub Total 28244 | 266 1261 1568 1611 1074 366 1048 1439 1575 1931 992 1056 1585 1146 3832 1029 515 101 1126 698 300 386 1242 641 338 1118 Wait 1514 | 3 64 16 49 40 3 20 82 83 245 22 2 45 24 509 24 24 2 20 114 24 6 57 12 2 22 Move 23446 | 230 1003 1485 1369 945 350 950 1144 1270 1226 911 987 1487 1059 2942 965 464 98 983 511 251 329 869 545 299 774 Hop . | . . . . . . . . . . . . . . . . . . . . . . . . . . Pick Up 68 | 5 1 1 3 2 1 2 7 2 2 2 3 7 . 8 . 5 . 7 . 1 1 2 2 1 3 Fast Attach 236 | 10 23 4 13 9 5 4 16 23 22 2 4 5 4 39 . . . 8 11 4 1 7 8 3 11 Attach 20 | 1 . . 3 2 . . 2 . 3 . 1 . . 4 . 1 1 . . 1 1 . . . . Detach 28 | 1 1 . 1 2 . 1 3 . 3 2 . . . 6 . 1 . 1 1 . . 2 . 1 2 Swap 67 | 2 7 1 9 1 . 4 2 4 4 . . 2 . 9 . 1 . 6 . . . 4 5 . 6 Drop 269 | 7 22 3 17 10 7 3 21 19 22 2 6 12 4 40 . 5 . 15 10 8 1 6 13 3 13 Fire 1290 | 7 78 42 96 35 . 38 98 91 226 23 18 7 27 146 9 9 . 34 29 11 21 25 18 20 182 Melee 68 | . 9 . . . . . . 40 . . . 19 . . . . . . . . . . . . . Ram . | . . . . . . . . . . . . . . . . . . . . . . . . . . Kick . | . . . . . . . . . . . . . . . . . . . . . . . . . . Crush 74 | . . 2 1 . . . 15 5 5 . . . . 14 . . . . 1 . 13 4 2 . 12 Escape Stasis 1 | . . . . . . . . 1 . . . . . . . . . . . . . . . . . Rewire 252 | . . . . 4 . . . 1 . 9 1 1 . . 23 . . 1 . . . 211 1 . . Trap 51 | . 45 . . . . . . . . . 1 . . . . . . 5 . . . . . . . Miscellaneous 860 | . 8 14 50 24 . 26 49 36 173 19 33 . 28 115 8 5 . 46 21 . 13 55 35 9 93 Route ------- -11/Scrapyard -10/Materials (discovered 4 exits: *Mat x3 / *Min) -10/Mines (discovered 2 exits: *Mat x2) -9/Materials (discovered 5 exits: *Mat x3 / *Min x2) -9/Mines (discovered 3 exits: *Mat x2 / *Exi) -9/Exiles -8/Mines (discovered 2 exits: *Mat x2) -8/Materials (discovered 3 exits: *Fac x2 / *Sto) -8/Storage -7/Factory -7/Lower Caves -7/Lower Caves (discovered 2 exits: *Fac / *Zio) -7/Zion (discovered 2 exits: Dee / *Pro) -6/Proximity Caves -6/Factory (discovered 6 exits: *Fac x4 / *Low x2) -6/Lower Caves -6/Lower Caves -6/Data Miner -5/Proximity Caves -5/Factory -5/Waste -5/Factory (discovered 2 exits: *Fac / *Ext) -5/Extension (discovered 3 exits: *Fac x2 / *Cet) -5/Cetus (discovered 3 exits: *Fac x2 / *Arc) -5/Archives (discovered 3 exits: *Fac / *Hub x2) -5/Hub_04(d) (discovered 4 exits: *Fac x4) History --------- Turn | Location | Event 1 | -11/Scrapyard | Upgraded with Propulsion slot (x1) 1 | -11/Scrapyard | Upgraded with Utility slot (x1) 1 | -11/Scrapyard | Upgraded with Weapon slot (x1) 6 | -11/Scrapyard | Discovered new exit (range 14) 380 | -11/Scrapyard | Entered Materials 381 | -10/Materials | Build established: Mutant 478 | -10/Materials | Discovered new exit (range 14) 503 | -10/Materials | Core integrity fell below 50% 622 | -10/Materials | Discovered new exit (range 3) 683 | -10/Materials | Discovered new exit (range 11) 914 | -10/Materials | Identified exit to Materials 1105 | -10/Materials | Reached level 2 1107 | -10/Materials | Upgraded with Utility slot (x1) 1107 | -10/Materials | Upgraded with Weapon slot (x1) 1512 | -10/Materials | Build established: Scavenger-Mutant 1705 | -10/Materials | Discovered new exit (range 9) 1730 | -10/Materials | Identified exit to Mines 1735 | -10/Materials | Entered Mines 1753 | -10/Mines | Discovered exit to Materials (range 9) 1764 | -10/Mines | Assisted by bots powering up and referring to "LRC-V3" 1765 | -10/Mines | Reached level 3 1768 | -10/Mines | Upgraded with Utility slot (x1) 2034 | -10/Mines | Received a Rocket Launcher from a helpful Derelict 2301 | -10/Mines | Discovered exit to Materials (range 9) 2302 | -10/Mines | Reached level 4 2436 | -10/Mines | Upgraded with Propulsion slot (x1) 3474 | -10/Mines | Entered Materials 3476 | -9/Materials | Reached level 5 3508 | -9/Materials | Core integrity fell below 50% 3543 | -9/Materials | Upgraded with Utility slot (x1) 3777 | -9/Materials | Reached level 6 3821 | -9/Materials | Upgraded with Power slot (x1) 3821 | -9/Materials | Upgraded with Weapon slot (x1) 3902 | -9/Materials | Identified exit to Materials 3988 | -9/Materials | Discovered new exit (range 6) 4029 | -9/Materials | Reached level 7 4079 | -9/Materials | Discovered new exit (range 13) 4124 | -9/Materials | Upgraded with Utility slot (x1) 4210 | -9/Materials | Identified exit to Mines 4391 | -9/Materials | Reached level 8 4395 | -9/Materials | Upgraded with Weapon slot (x1) 4463 | -9/Materials | Build established: Scavenger-Gunner 5474 | -9/Materials | First assault squad dispatched 5524 | -9/Materials | Entered Mines 5526 | -9/Mines | Reached level 9 5565 | -9/Mines | Learned Materials stockpile data 5651 | -9/Mines | Assembled infested the area 5687 | -9/Mines | Met 8R-AWN 5745 | -9/Mines | Learned location of Zion (-7) 6077 | -9/Mines | Discovered exit to Materials (range 6) 6126 | -9/Mines | Met a Derelict testing a Signal Generator 6126 | -9/Mines | Discovered exit to Materials (range 11) 6146 | -9/Mines | Found Signal Generator 6425 | -9/Mines | Assisted by bots powering up and referring to "LRC-V3" 6461 | -9/Mines | Found a hidden stash of uninstalled traps 6574 | -9/Mines | Met a Derelict who couldn't figure out how to use a Trap Extractor 6749 | -9/Mines | Discovered new exit (range 5) 6968 | -9/Mines | Entered Exiles 6968 | -9/Exiles | Accompanied by 4 allies 6997 | -9/Exiles | Build established: Gunner 7002 | -9/Exiles | Welcomed by 8R-AWN 7024 | -9/Exiles | Met EX-HEX 7069 | -9/Exiles | Met EX-BIN 7085 | -9/Exiles | Aligned with FarCom system 7086 | -9/Exiles | Given EX-Vault access code 7120 | -9/Exiles | Opened EX-Vault 7133 | -9/Exiles | Found Potential Leg 7137 | -9/Exiles | Found Potential Leg 7147 | -9/Exiles | Found Firepult 7194 | -9/Exiles | Warned to stay clear of 0b10 Research branches 7235 | -9/Exiles | Met EX-DEC 7447 | -9/Exiles | Build established: Pyromaniac-Gunner 7481 | -9/Exiles | Discovered new exit (range 11) 7494 | -9/Exiles | Left Exiles lab with Firepult 7494 | -9/Exiles | Entered Mines 7494 | -8/Mines | Accompanied by 4 allies 7496 | -8/Mines | Reached level 10 7496 | -8/Mines | Discovered exit to Materials (range 10) 7497 | -8/Mines | Upgraded with Propulsion slot (x1) 7678 | -8/Mines | Reached level 11 7713 | -8/Mines | Discovered exit to Materials (range 6) 7860 | -8/Mines | Build established: Pyromaniac-Mutant 8212 | -8/Mines | Reached level 12 8631 | -8/Mines | Build established: Pyromaniac-Gunner 9093 | -8/Mines | Entered Materials 9095 | -8/Materials | Reached level 13 9096 | -8/Materials | Upgraded with Utility slot (x1) 9499 | -8/Materials | Repaired Imp. Weapon Shielding 9809 | -8/Materials | Discovered new exit (range 8) 9883 | -8/Materials | Destroyed 7 combat bots 10011 | -8/Materials | Identified exit to Storage 10101 | -8/Materials | Reached level 14 10685 | -8/Materials | Discovered new exit (range 16) 11158 | -8/Materials | Destroyed 7 combat bots 11365 | -8/Materials | Entered Storage 11641 | -8/Storage | Met 01-MTF 11765 | -8/Storage | First assault squad dispatched 11851 | -8/Storage | Reached level 15 11854 | -8/Storage | Upgraded with Utility slot (x1) 12175 | -8/Storage | Discovered new exit (range 14) 12541 | -8/Storage | Destroyed 01-MTF 12688 | -8/Storage | Crushed by falling debris 13050 | -8/Storage | Destroyed 9 combat bots 13551 | -8/Storage | Build established: Pyromaniac-Mutant 13902 | -8/Storage | Entered Factory 14026 | -7/Factory | Reached level 16 14030 | -7/Factory | Upgraded with Propulsion slot (x1) 14065 | -7/Factory | Build established: Pyromaniac-Gunner 14126 | -7/Factory | Fabricated Adv. Treads (x2) 14201 | -7/Factory | Local fabrication network quarantined 14209 | -7/Factory | Fabricated Adv. Treads (x2) 14302 | -7/Factory | First assault squad dispatched 14471 | -7/Factory | Core integrity fell below 50% 14528 | -7/Factory | Destroyed 8 combat bots 15687 | -7/Factory | Reached level 17 15826 | -7/Factory | Discovered new exit (range 8) 15849 | -7/Factory | Garrison activated, responded to threat 16011 | -7/Factory | High security lockdown imminent 16039 | -7/Factory | Destroyed 14 combat bots 16091 | -7/Factory | High security lockdown engaged 16154 | -7/Factory | Reached level 18 16155 | -7/Factory | Upgraded with Utility slot (x1) 16280 | -7/Factory | Destroyed 14 combat bots 16338 | -7/Factory | Core integrity fell below 20% 16369 | -7/Factory | Destroyed 14 combat bots 16480 | -7/Factory | Destroyed 24 combat bots 16674 | -7/Factory | Reached level 19 16698 | -7/Factory | Destroyed 24 combat bots 16866 | -7/Factory | Entered Lower Caves 17006 | -7/Lower Caves | Learned Factory garrison access intel 17120 | -7/Lower Caves | Spotted B-75 Beast 17135 | -7/Lower Caves | Destroyed B-75 Beast 17462 | -7/Lower Caves | Encountered a Warlord checkpoint 17699 | -7/Lower Caves | Attracted the attention of an 0b10 outpost 18155 | -7/Lower Caves | Discovered new exit (range 14) 18305 | -7/Lower Caves | Identified exit to Lower Caves 18307 | -7/Lower Caves | Entered another Lower Caves area 18307 | -7/Lower Caves | Accompanied by 1 ally 18344 | -7/Lower Caves | Encountered a Warlord checkpoint 18363 | -7/Lower Caves | Learned Factory security intel 18363 | -7/Lower Caves | Discovered new exit (range 6) 18374 | -7/Lower Caves | Identified exit to Factory 19540 | -7/Lower Caves | Spotted B-75 Beast 19544 | -7/Lower Caves | Destroyed B-75 Beast 19763 | -7/Lower Caves | Discovered new exit (range 10) 19837 | -7/Lower Caves | Identified exit to Zion 19839 | -7/Lower Caves | Entered Zion 19963 | -7/Zion | Discovered new exit (range 10) 19978 | -7/Zion | Identified exit to Proximity Caves 20085 | -7/Zion | System corruption cleaned by Quarantine Array 20245 | -7/Zion | Found Prototype Device 20245 | -7/Zion | Identified Phasing AFG 20292 | -7/Zion | Received a visual enhancement algorithm 20506 | -7/Zion | Identified exit to Deep Caves 20702 | -7/Zion | Learned 4 Factory zone layouts 20750 | -7/Zion | Learned Factory emergency access door positions 21057 | -7/Zion | Rebuked by Imprinter 22134 | -7/Zion | Entered Proximity Caves 22269 | -6/Proximity Caves | Attracted the attention of an 0b10 checkpoint 22482 | -6/Proximity Caves | Spotted B-75 Beast 22516 | -6/Proximity Caves | Learned Factory terminal intel 22534 | -6/Proximity Caves | Destroyed B-75 Beast 22739 | -6/Proximity Caves | Reached level 20 22913 | -6/Proximity Caves | Discovered exit to Factory (range 16) 23806 | -6/Proximity Caves | Entered Factory 23807 | -6/Factory | Identified exit to Lower Caves 23811 | -6/Factory | Loaded intel: 20 terminal locations 23812 | -6/Factory | Loaded intel: 4 garrison access locations 24906 | -6/Factory | Discovered new exit (range 15) 24926 | -6/Factory | Identified exit to Factory 25159 | -6/Factory | Garrison activated, responded to threat 25783 | -6/Factory | Reached level 21 25786 | -6/Factory | Upgraded with Weapon slot (x1) 26517 | -6/Factory | Discovered exit to Lower Caves (range 6) 26820 | -6/Factory | Fabricated Adv. Plasma Cannon (x2) 28006 | -6/Factory | First assault squad dispatched 28050 | -6/Factory | Fabricated Imp. Core Analyzer (x1) 28499 | -6/Factory | Repaired Med. Reactive Plating 28889 | -6/Factory | Destroyed 7 combat bots 29358 | -6/Factory | Entered Lower Caves 29504 | -6/Lower Caves | Encountered a Warlord checkpoint 30608 | -6/Lower Caves | Attacked by a delusional Derelict stockpiling Unaware 30831 | -6/Lower Caves | Discovered new exit (range 5) 30835 | -6/Lower Caves | Identified exit to Lower Caves 30841 | -6/Lower Caves | Entered another Lower Caves area 30841 | -6/Lower Caves | Accompanied by 3 allies 31220 | -6/Lower Caves | Spotted B-75 Beast 31236 | -6/Lower Caves | Allies destroyed B-75 Beast 31253 | -6/Lower Caves | Learned Factory stockpile data 31549 | -6/Lower Caves | Discovered new exit (range 13) 31565 | -6/Lower Caves | Identified exit to Data Miner 31572 | -6/Lower Caves | Entered Data Miner 31572 | -6/Data Miner | Accompanied by 2 allies 31572 | -6/Data Miner | Discovered new exit (range 6) 31580 | -6/Data Miner | Identified exit to Proximity Caves 31600 | -6/Data Miner | Met Data Miner 31600 | -6/Data Miner | Reached level 22 31607 | -6/Data Miner | Upgraded with Propulsion slot (x1) 31633 | -6/Data Miner | Learned location of Section 7 (-2) 31633 | -6/Data Miner | Acquired the access code to Warlord's prototype stash 31659 | -6/Data Miner | Received God Mode back door access code from Data Miner 31718 | -6/Data Miner | Entered Proximity Caves 31718 | -5/Proximity Caves | Accompanied by 2 allies 31777 | -5/Proximity Caves | Escorted by Enhanced Grunt 32040 | -5/Proximity Caves | Learned Factory non-interactive machine intel 32269 | -5/Proximity Caves | Spotted B-75 Beast 32291 | -5/Proximity Caves | Destroyed B-75 Beast 32660 | -5/Proximity Caves | Build established: Pyromaniac-Mutant 32905 | -5/Proximity Caves | Attracted the attention of an 0b10 checkpoint 33115 | -5/Proximity Caves | Discovered exit to Factory (range 5) 33266 | -5/Proximity Caves | Reached level 23 33342 | -5/Proximity Caves | Entered Factory 33344 | -5/Factory | Loaded intel: 247 non-interactive machine locations 33692 | -5/Factory | Build established: Pyromaniac-Gunner 33994 | -5/Factory | Incoming investigation squad redirected 34259 | -5/Factory | Discovered new exit (range 7) 34266 | -5/Factory | Identified exit to Upper Caves 34346 | -5/Factory | Sucked down chute 34346 | -5/Factory | Entered Waste 34355 | -5/Waste | Spotted C-40 Crusher 34361 | -5/Waste | EMP discharged 34405 | -5/Waste | Spotted C-40 Crusher 34406 | -5/Waste | Destroyed C-40 Crusher 34410 | -5/Waste | Spotted C-40 Crusher 34415 | -5/Waste | Spotted C-40 Crusher 34415 | -5/Waste | Spotted C-40 Crusher 34423 | -5/Waste | Destroyed C-40 Crusher 34438 | -5/Waste | Destroyed C-40 Crusher 34443 | -5/Waste | Destroyed C-40 Crusher 34446 | -5/Waste | Spotted C-40 Crusher 34450 | -5/Waste | Destroyed C-40 Crusher 34461 | -5/Waste | EMP discharged 34464 | -5/Waste | Found Damper Plating 34494 | -5/Waste | Destroyed C-40 Crusher 34561 | -5/Waste | EMP discharged 34587 | -5/Waste | Met Warlord forces unprepared to attack 34661 | -5/Waste | EMP discharged 34706 | -5/Waste | Discovered new exit (range 16) 34761 | -5/Waste | EMP discharged 34769 | -5/Waste | Identified exit to Factory 34790 | -5/Waste | Entered Factory 34790 | -5/Factory | Accompanied by 19 allies 34900 | -5/Factory | Reached level 24 34901 | -5/Factory | Upgraded with Utility slot (x1) 34960 | -5/Factory | Build established: Pyromaniac-Skirmisher 35219 | -5/Factory | Discovered new exit (range 5) 35224 | -5/Factory | Identified exit to Factory 35349 | -5/Factory | Build established: Pyromaniac-Gunner 35380 | -5/Factory | Discovered new exit (range 5) 35384 | -5/Factory | Identified exit to Extension 35392 | -5/Factory | Entered Extension 35392 | -5/Extension | Accompanied by 11 allies 35398 | -5/Extension | Disrupted transfer network 35515 | -5/Extension | Spotted B-75 Beast 35519 | -5/Extension | Allies destroyed B-75 Beast 35536 | -5/Extension | Destroyed B-75 Beast 35692 | -5/Extension | First assault squad dispatched 35706 | -5/Extension | Discovered exit to Factory (range 3) 35718 | -5/Extension | Incoming assault squad redirected 35780 | -5/Extension | Rescued a captive Derelict 35780 | -5/Extension | Rescued a captive Derelict 35793 | -5/Extension | Rescued a captive Derelict 36078 | -5/Extension | Rescued A7 36450 | -5/Extension | Reached level 25 36594 | -5/Extension | Found Prototype Processor 36594 | -5/Extension | Identified Exp. Targeting Computer 36790 | -5/Extension | Build established: Commander-Gunner 36900 | -5/Extension | Discovered exit to Factory (range 10) 36914 | -5/Extension | Discovered new exit (range 6) 36930 | -5/Extension | Identified exit to Cetus 37099 | -5/Extension | Entered Cetus 37099 | -5/Cetus | Accompanied by 18 allies 37104 | -5/Cetus | Acquired a Cetus Manufacturing Module code from A7 37118 | -5/Cetus | Spotted Cetus Guard 37118 | -5/Cetus | Spotted Cetus Guard 37123 | -5/Cetus | Spotted Cetus Guard 37123 | -5/Cetus | Spotted Cetus Guard 37127 | -5/Cetus | Allies destroyed Cetus Guard 37132 | -5/Cetus | Allies destroyed Cetus Guard 37136 | -5/Cetus | Destroyed Cetus Guard 37138 | -5/Cetus | Allies destroyed Cetus Guard 37228 | -5/Cetus | Discovered exit to Factory (range 16) 37375 | -5/Cetus | Started Cetus Manufacturing Module 37400 | -5/Cetus | Manufactured an Enhanced Grunt 37425 | -5/Cetus | Manufactured an Enhanced Grunt 37450 | -5/Cetus | Manufactured an Enhanced Grunt 37461 | -5/Cetus | Incoming investigation squad redirected 37475 | -5/Cetus | Manufactured an Enhanced Grunt 37499 | -5/Cetus | Discovered new exit (range 15) 37500 | -5/Cetus | Manufactured an Enhanced Grunt 37520 | -5/Cetus | Identified exit to Archives 37555 | -5/Cetus | Spotted Cetus Guard 37558 | -5/Cetus | Spotted Cetus Guard 37559 | -5/Cetus | Allies destroyed Cetus Guard 37565 | -5/Cetus | Spotted Cetus Guard 37565 | -5/Cetus | Spotted Cetus Guard 37570 | -5/Cetus | Allies destroyed Cetus Guard 37570 | -5/Cetus | Discovered exit to Factory (range 16) 37574 | -5/Cetus | Destroyed Cetus Guard 37579 | -5/Cetus | Destroyed Cetus Guard 37582 | -5/Cetus | Met Revision 17 37754 | -5/Cetus | Escorted A7 to Cetus Mainframe 37797 | -5/Cetus | P-70 Sage assimilated allied LC-JPJ(b) 38057 | -5/Cetus | Entered Archives 38057 | -5/Archives | Accompanied by 6 allies 38062 | -5/Archives | Received a hacking code to weaken MAIN.C 38139 | -5/Archives | Unable to access archive contents 38139 | -5/Archives | Unable to access archive contents 38145 | -5/Archives | Discovered exit to Factory (range 15) 38155 | -5/Archives | Unable to access archive contents 38161 | -5/Archives | Discovered new exit (range 15) 38174 | -5/Archives | Unable to access archive contents 38174 | -5/Archives | Unable to access archive contents 38182 | -5/Archives | Discovered new exit (range 15) 38191 | -5/Archives | Unable to access archive contents 38397 | -5/Archives | Build established: Scavenger-Gunner 38425 | -5/Archives | Identified exit to Hub_04(d) 38469 | -5/Archives | Unable to access archive contents 38485 | -5/Archives | Unable to access archive contents 38604 | -5/Archives | Entered Hub_04(d) 38604 | -5/Hub_04(d) | Accompanied by 3 allies 38606 | -5/Hub_04(d) | Reached level 26 38891 | -5/Hub_04(d) | Discovered exit to Factory (range 12) 38940 | -5/Hub_04(d) | Discovered exit to Factory (range 34) 39010 | -5/Hub_04(d) | Discovered exit to Factory (range 22) 39023 | -5/Hub_04(d) | Network Hub disabled 39144 | -5/Hub_04(d) | Spotted Lightning 39151 | -5/Hub_04(d) | Spotted Lightning 39152 | -5/Hub_04(d) | Spotted Lightning 39160 | -5/Hub_04(d) | Destroyed Lightning 39161 | -5/Hub_04(d) | Crushed by falling debris 39198 | -5/Hub_04(d) | Found Prototype Processor 39198 | -5/Hub_04(d) | Identified Exp. Signal Interpreter 39204 | -5/Hub_04(d) | First assault squad dispatched 39242 | -5/Hub_04(d) | Destroyed Lightning 39329 | -5/Hub_04(d) | Destroyed Lightning 39354 | -5/Hub_04(d) | Spotted Lightning 39358 | -5/Hub_04(d) | Spotted Lightning 39361 | -5/Hub_04(d) | Destroyed Lightning 39361 | -5/Hub_04(d) | Spotted Lightning 39365 | -5/Hub_04(d) | Destroyed Lightning 39366 | -5/Hub_04(d) | Destroyed Lightning 39476 | -5/Hub_04(d) | Network Hub disabled 39709 | -5/Hub_04(d) | Spotted Lightning 39711 | -5/Hub_04(d) | Spotted Lightning 39714 | -5/Hub_04(d) | Spotted Lightning 39716 | -5/Hub_04(d) | Destroyed Lightning 39719 | -5/Hub_04(d) | Destroyed Lightning 39725 | -5/Hub_04(d) | Destroyed Lightning 39804 | -5/Hub_04(d) | Network Hub disabled 39835 | -5/Hub_04(d) | High security lockdown imminent 39868 | -5/Hub_04(d) | Core integrity fell below 50% 39914 | -5/Hub_04(d) | Destroyed 25 combat bots 39915 | -5/Hub_04(d) | High security lockdown engaged 40061 | -5/Hub_04(d) | Spotted Lightning 40064 | -5/Hub_04(d) | Spotted Lightning 40082 | -5/Hub_04(d) | Spotted Lightning 40110 | -5/Hub_04(d) | Destroyed Lightning 40113 | -5/Hub_04(d) | Destroyed Lightning 40123 | -5/Hub_04(d) | Destroyed Lightning 40162 | -5/Hub_04(d) | Destroyed 27 combat bots 40183 | -5/Hub_04(d) | Found Prototype Energy Cannon 40183 | -5/Hub_04(d) | Identified EMDS 40218 | -5/Hub_04(d) | Discovered exit to Factory (range 10) 40305 | -5/Hub_04(d) | Destroyed 26 combat bots 40327 | -5/Hub_04(d) | Network Hub disabled 40401 | -5/Hub_04(d) | Core integrity fell below 20% 40406 | -5/Hub_04(d) | Core destroyed Last Messages --------------- 40399_ EMDS Slug penetrates Wall. 40401_ Power failure averted by Cryofiber Web. 40402_ Overheating: Short circuit. 40402_ Broken Quantum Reactor permanently disabled. 40402_ G-50 Soldier heat damages Lgt. Angular Momentum Engine, Hvy. Laser, Carbon-fiber Leg. 40402_ EMDS Slug penetrates G-50 Soldier. 40402_ G-50 Soldier suffers critical hit. 40402_ G-50 Soldier destroyed. 40402_ Melted Carbon-fiber Leg. 40402_ Hvy. Laser melted. 40402_ Carbon-fiber Leg melted. 40402_ Lgt. Angular Momentum Engine melted. 40402_ Adv. Heat Sink melted. 40402_ G-50 Soldier destroyed. 40405_ Power failure averted by Cryofiber Web. 40405_ Internal heat damage averted by Cryofiber Web. 40405_ Overheating: Centrium Medium Armor Plating damaged (-178). 40406_ Overheating: Core damaged (-190). [Achievement: Torch] Map ----- +----------------------------------------------------+ | ???????????????????????????????# # """ | | ???????????????????????????????# # """ | | ???????????????????????????????# + ! """ | | ???????????????????????????????# # """ | | ???????????????????????????????# # | | ???????????????????????????????# # ! ] | | ?????????###????????????? ????? # | | ??????### ????????????? ????# #######?? | | ???### # ##??????????? ????# ?????? ?? | | ??? ######???### ##?###/######/## | | ??? # #??## #? # | | ???? ???? % #??"" " """ ? | | ???"" # g ???? < ????? ?? | | ?# "" # ????? %????????! % ??? | | ?# """ ## #????##%##??#??####%##### | | ?# """ ##% ##### #! ## #### #[ %[*% | | ?? ##=%# %% %= CC% == | | ???""" =] ##%=# " %= %% ! ! | | ?? """ = ## [# " %% %!! % % = | | ?# """" # [%[ !! %# [ | | ?# """" ] ## # !!* ! # | | ?# ## + =g| # | | ??#####;; ### # %*=! # | | ??????#; ### ##g=############## | | ??????## [ !%#####???????? | | ???????# =%! @/*## #???????## [ | | ???????# ###;### # ####??????# % | | ???????# # !!! #??????# | | ??????# # =!! #??????# | | ??????# # !!! #??????# | | ???# ! #??????# | | ?# ##########??????# | | ?# ??????????????# | | ?# ! = #?????????????# | | ?# #?????????????? | | ?# #?????????????? | | ?# #?????????????? | | ?# #??????????????? | | ?# #???????????????####### | | ??? #?????????????????????? | | ???? #?????????????????????? | | ???? #?????????????????????? | | ????# #?????????????????????? | | ????###? #?????????????????????? | | ??????????? #?????????????????????? | | ????????????? ??????????????????????? | | ?????????????????????????????????????????? | | ?????????????????????????????????????????? | | ?????????????????????????????????????????? | | ?????????????????????????????????????????? | +----------------------------------------------------+ Best States ------------- Heat Dissipation 128 Energy Generation 67 Energy Capacity 995 Matter Stores 500 Matter Capacity 600 Sight Range 16 Robot Scan Range 22 Terrain Scan Range 16 Terrain Scan Density 60 Jamming Range 14 Power Amplification 30 Additional Mass Support 6 Base Temperature (-) 100 EM Shielding 2 Corruption Prevention 12 Armor Coverage 2400 Resistance: KI 30 Resistance: TH 15 Resistance: EX 25 Resistance: EM 90 Power Shielding 33 Propulsion Shielding 66 Utility Shielding 33 Weapon Shielding 66 Weapon Cycling 20 Evasion (%) 50 Targeting Accuracy 24 Core Analysis 8 Recoil Reduction 6 Particle Charging 20 Offensive Hacking 22 Item Schematics ----------------- Adv. Beam Cannon | -9/Materials | Scanalyzed Imp. Weapon Shielding | -9/Materials | Scanalyzed Adv. Targeting Computer | -8/Materials | Scanalyzed Targeting Computer | -8/Materials | Extracted Beam Rifle | -8/Materials | Extracted Adv. Treads | -8/Materials | Hacked Energy Filter | -7/Factory | Scanalyzed Cooling System | -7/Factory | Scanalyzed Remote Datajack | -7/Factory | Extracted Imp. Melee Analysis Suite | -7/Factory | Extracted Adv. Plasma Cannon | -6/Factory | Hacked Imp. Core Analyzer | -6/Factory | Hacked Combat Drone Bay | -6/Data Miner | Free Lgt. Regenerative Plating | -6/Data Miner | Free Mni. Smartbomb Launcher | -6/Data Miner | Free Plasma Sword | -6/Data Miner | Free Robot Schematics ------------------ S-27 Virus | -6/Data Miner | Free G-50 Soldier | -6/Data Miner | Free L-41 Fighter | -6/Data Miner | Free H-66 Slayer | -6/Data Miner | Free P-70 Sage | -6/Data Miner | Free I-36 Angel | -6/Data Miner | Free Fabricated ------------ Adv. Treads | x2 | -7/Factory Adv. Treads | x2 | -7/Factory Adv. Plasma Cannon | x2 | -6/Factory Imp. Core Analyzer | x1 | -6/Factory Alien Tech Used ----------------- None Achievements -------------- Killing Spree Main Advantage Preemptive Strike Project G-00 Pyromaniac Revising The Future Tank Torch Turtlemind Challenges ------------ None RPGLIKE | -11 -10 -10 -9 -9 -9 -8 -8 -8 -7 -7 -7 -7 -6 -6 -6 -6 -6 -5 -5 -5 -5 -5 -5 -5 -5 --------- Run | Scr Mat Min Mat Min Exi Min Mat Sto Fac Low Low Zio Pro Fac Low Low Dat Pro Fac Was Fac Ext Cet Arc Hub Levels Raised 25 | . 1 2 4 1 . 3 2 1 4 . . . 1 1 . . 1 1 . . 1 1 . . 1 XP Earned 41940 | 3000 2185 2950 6532 1659 169 3893 2887 1273 5505 265 246 73 1152 2318 146 142 105 1586 945 46 1051 1149 1047 159 1457 XP Spent 40150 | 2650 1825 2800 6180 1300 . 4050 2700 2400 6075 . . . 900 1700 . . 1700 . 270 . 2900 1050 400 . 1250 Upgrades 61 | 6 5 7 7 2 . 9 3 2 10 . . . 1 1 . . 1 . 1 . 1 3 1 . 1 Power Slot 1 | . . . 1 . . . . . . . . . . . . . . . . . . . . . . Propulsion Slot 5 | 1 . 1 . . . 1 . . 1 . . . . . . . 1 . . . . . . . . Utility Slot 9 | 1 1 1 2 . . . 1 1 1 . . . . . . . . . . . 1 . . . . Weapon Slot 5 | 1 1 . 2 . . . . . . . . . . 1 . . . . . . . . . . . Core Integrity 8 | . 1 . 2 . . . . . 5 . . . . . . . . . . . . . . . . Heat Dissipation 12 | . 1 4 . . . 6 . . . . . . . . . . . . 1 . . . . . . Energy Generation 2 | . . . . . . . . . . . . . . . . . . . . . . 2 . . . Mass Support 1 | . . . . . . . . 1 . . . . . . . . . . . . . . . . . Inventory Capacity 5 | 1 . 1 . . . 2 . . . . . . . . . . . . . . . . . . 1 Ranged Accuracy 6 | 2 . . . 2 . . . . 1 . . . 1 . . . . . . . . . . . . Hack Attack % 2 | . . . . . . . . . . . . . . . . . . . . . . 1 1 . . TH Resistance % 3 | . 1 . . . . . . . 2 . . . . . . . . . . . . . . . . TH Damage % 2 | . . . . . . . 2 . . . . . . . . . . . . . . . . . . Protomatter Created 10883 | . 103 98 559 152 . 298 872 463 2290 220 272 . 221 1255 262 39 . 464 238 86 . 333 172 125 2361 Integrity Restored 17067 | . 171 294 1005 464 . 428 897 676 3737 390 689 . 528 2266 150 78 . 838 419 . 240 1049 707 162 1879 Core 11978 | . 171 294 795 301 . 121 636 439 3447 293 312 . 352 1411 68 54 . 585 348 . 12 514 153 98 1574 Parts 5089 | . . . 210 163 . 307 261 237 290 97 377 . 176 855 82 24 . 253 71 . 228 535 554 64 305 Protomatter Decayed 4722 | . 61 24 242 71 . 153 464 310 474 . . . . 298 210 82 . 163 65 . 140 442 563 111 849 Game ------ Seed LauncherEnergyFrame Manual? 0 Play Time 07:59:11 Cumulative 57.0 hours Start 2020.03.24 @ 14:29:22 End 2020.03.25 @ 01:22:57 Sessions 1 Manual Loads 0 Difficulty Rogue Special Mode Winter2019/RPGLIKE Game No. 7 Rogue 7 Adventurer 0 Explorer 0 Win Type - Total 1 Types 1/0/0/0/0/0/0 Lore% 38 Gallery% 46 Achievement% 53 Wizard Run 0 Options --------- ASCII 1 Keyboard 1 Movement Numpad Keybinds 0 Fullscreen 1 Font 16/SmallcapsGlow Map View 75x55 Tactical HUD 1 Map Filters NONE Filters NONE Steam 1 RUN: 14a77c46-30bb-4789-a73a-de09f77aeeda